 Dungeon Crawl Stone Soup version 0.20-a0-842-g939b552 (webtiles) character file.

530 M4edhros the Slasher (level 7, -3/52 HPs)
             Began as a Mummy Chaos Knight on Mar 9, 2017.
             Slain by a wyvern (17 damage)
             ... on level 3 of the Dungeon.
             The game lasted 00:07:10 (23775 turns).

M4edhros the Slasher (Mummy Chaos Knight)          Turns: 23775, Time: 00:07:11

Health: -3/52      AC:  7    Str: 15      XL:     7   Next: 3%
Magic:  7/7        EV: 11    Int: 12      God:    Xom [*.....]
Gold:   105        SH:  0    Dex: 12 (13) Spells: 6/6 levels left

rFire    x . .     SeeInvis .   q - +0 scimitar
rCold    + . .     Gourm    .   b - +2 leather armour
rNeg     + + +     Faith    .   (no shield)
rPois    ∞         Spirit   .   f - +0 helmet
rElec    .         Reflect  .   d - +0 cloak
rCorr    +         Harm     .   (no gloves)
MR       .....                  (no boots)
Stlth    +.........             (no amulet)
Regen    0.2/turn               m - ring of resist corrosion
MPRegen  0.1/turn               (no ring)

@: about to teleport
A: no food or potions, fire vulnerability, cold resistance 1, negative energy
resistance 3, torment resistance, unbreathing
a: Renounce Religion


You were on level 3 of the Dungeon.
You worshipped Xom.
You were a special plaything of Xom.
You were not hungry.

You visited 1 branch of the dungeon, and saw 4 of its levels.

You collected 105 gold pieces.

Inventory:

Hand Weapons
 a - a +0 falchion of chaos
 h - a +1 dagger of draining
 j - a +1 hunting sling
 q - a +0 scimitar (weapon)
 r - a +0 short sword of chaos
 s - a +0 blowgun
Missiles
 k - 27 stones (quivered)
 p - 2 needles of sleeping
 t - 22 poisoned needles
Armour
 b - a +2 leather armour (worn)
 d - a +0 cloak (worn)
 f - a +0 helmet (worn)
 l - a +0 scale mail
 u - a +0 scale mail
Jewellery
 m - a ring of resist corrosion (right hand)
Wands
 g - a wand of lightning (8/15)
 i - a wand of flame (34/48)
 o - a wand of lightning (5/15)
Scrolls
 e - 2 scrolls of teleportation
Books
 n - a book of Frost

   Spells                             Type                      Level
   a - Freeze                         Ice                          1
   b - Throw Frost                    Conjuration/Ice              2
   c - Ozocubu's Armour               Charms/Ice                   3
   d - Throw Icicle                   Conjuration/Ice              4
   e - Summon Ice Beast               Ice/Summoning                4
Miscellaneous
 c - a fan of gales


   Skills:
 + Level 3.2 Fighting
 - Level 5.7 Long Blades
 * Level 2.9 Slings
 - Level 1.5 Armour
 + Level 1.0 Dodging
 + Level 0.2 Evocations


You had 6 spell levels left.
You didn't know any spells.

Dungeon Overview and Level Annotations

Branches:
Dungeon (4/15)
 Temple: D:4-7

Altars:
Fedhas
Ru
Xom

Annotations:
D:4 Sumakker's ghost, amateur BaSk


Innate Abilities, Weirdness & Mutations

You do not eat or drink.
Your flesh is vulnerable to fire.
You are immune to poison.
Your flesh is cold resistant. (rC+)
You are immune to negative energy. (rN+++)
You are immune to unholy pain and torment.
You can survive without breathing.


Message History

The withered plant is moderately damaged.
The wyvern bites you! The wyvern bites you.
* * * LOW HITPOINT WARNING * * *
Unknown command.
You can't drink.
Evoke which item? (* to show all) (? for menu, Esc to quit)
Okay, then.
The wyvern hisses menacingly.
The wyvern barely misses you.
You riposte.
You closely miss the wyvern.
You can't drink.
As you read the scroll of teleportation, it crumbles to dust.
You feel strangely unstable. The wyvern closely misses you.
You riposte.
You closely miss the wyvern.
The wyvern bites you but does no damage.
Xom's power touches on a nearby monster.
The wyvern flickers and vanishes!
Deactivating autopickup; reactivate with Ctrl-A.
There is an open door here.
Something bites you!
You die...

..........#..# #.#
.....#######.# #.#####
.....# ###.# #.....#
###### #...## #####.#
#..†.# #.# #.(..# #.#
######....## #.#
#..........#############.#
#....P..P>.'@............#
#......8)..###############
#....8.P...# #..........#
#..........# #..........#
#......[...# #..........#
#%.........#


There were no monsters in sight!

Vanquished Creatures
  An ogre (D:2)
  An orc priest (D:4)
  An iguana (D:3)
  An orc wizard (D:3)
  A hound zombie (D:3)
  A hound skeleton (D:3)
  7 adders
  4 gnolls (D:3)
  An ooze (D:2)
  3 adder skeletons
  An adder zombie (D:3)
  3 worms
  4 dart slugs
  6 leopard geckos
  8 orcs
  14 bats
  8 giant cockroaches
  12 goblins
  15 hobgoblins
  4 quokkas
  A ball python (D:3)
  4 frilled lizards
  A jackal zombie (D:3)
  15 kobolds
  8 rats
125 creatures vanquished.

Vanquished Creatures (collateral kills)
  An ice beast (shapeshifter) (D:2)
1 creature vanquished.

Grand Total: 126 creatures vanquished

Notes
Turn   | Place    | Note
-------+----------+-------------------------------------------
     0 | D:1      | M4edhros the Mummy Chaos Knight began the quest for the Orb.
     0 | D:1      | Reached XP level 1. HP: 18/18 MP: 1/1
    19 | D:1      | XOM: harmless Chrm miscast
    26 | D:1      | Reached XP level 2. HP: 15/24 MP: 2/2
    37 | D:1      | Reached skill level 3 in Long Blades
   208 | D:1      | XOM: harmless Pois miscast
   332 | D:1      | XOM: harmless Pois miscast
   521 | D:1      | XOM: divination: detect creatures
   522 | D:1      | Reached XP level 3. HP: 29/29 MP: 3/3
   800 | D:1      | XOM: divination: magic mapping
   870 | D:1      | XOM: divination: magic mapping
  1030 | D:1      | XOM: god gift: royal jelly
  1112 | D:1      | XOM: summons 1 hostile demon
  1257 | D:1      | XOM: cloud trail
  1328 | D:1      | XOM is BORED!
  1663 | D:1      | XOM: god gift: meat ration
  1706 | D:1      | XOM: summons 1 hostile demon
  2284 | D:1      | XOM: scenery: create altars
  2324 | D:1      | XOM: harmless Air miscast
  2352 | D:1      | XOM: summons 1 hostile demon
  2694 | D:1      | XOM: god gift: scroll labeled LOXUFA HUOLO {god gift}
  2770 | D:1      | XOM: cloud trail
  4059 | D:1      | XOM: summons 1 hostile demon
  4555 | D:1      | XOM: god gift: silver wand {god gift}
  5489 | D:1      | XOM: medium Summ miscast
  5490 | D:1      | Noticed an orange demon
  5491 | D:1      | XOM: butterfly on damage
  5497 | D:2      | XOM: potion effect (brilliance)
  5509 | D:2      | Reached skill level 4 in Long Blades
  5735 | D:1      | XOM: medium Necr miscast
  5742 | D:1      | XOM: harmless Conj miscast
  5986 | D:1      | Reached XP level 4. HP: 35/35 MP: 4/4
  6139 | D:1      | XOM: noise
  6451 | D:1      | XOM is BORED!
  6451 | D:1      | XOM: stat loss: -1 Dex (11/12)
  7138 | D:1      | XOM: mild Conj miscast
  7242 | D:1      | Noticed a cyclops
  7346 | D:2      | XOM: swap monsters
  7598 | D:1      | XOM: scenery: create altars
  7806 | D:1      | XOM: butterfly on damage
  7843 | D:2      | XOM: divination: magic mapping
  7970 | D:2      | XOM: god gift: fan of gales
  8053 | D:2      | XOM: god gift: wooden wand {god gift}
  8164 | D:2      | Found a blossoming altar of Fedhas.
  9015 | D:2      | XOM: harmless Ice miscast
  9226 | D:2      | XOM: harmless Chrm miscast
  9660 | D:2      | XOM: divination: detect items
  9696 | D:2      | XOM: mild Air miscast
  9814 | D:2      | XOM: medium Tloc miscast
  9899 | D:2      | XOM: mild Pois miscast
 10010 | D:2      | XOM is BORED!
 10561 | D:2      | XOM: scenery: create altars
 10718 | D:2      | XOM: scenery: create altars
 10855 | D:2      | XOM: scenery: create altars
 11320 | D:2      | XOM: 2-stop teleportation journey
 11571 | D:2      | XOM: scenery: create altars
 11806 | D:2      | XOM: scenery: create altars
 12256 | D:2      | XOM: divination: magic mapping
 12458 | D:2      | XOM: scenery: 1 doors close
 12788 | D:2      | XOM: harmless Hex miscast
 12998 | D:2      | XOM: severe Hex miscast
 13116 | D:2      | XOM: harmless Erth miscast
 13405 | D:2      | XOM: god gift: scale mail {god gift}
 13497 | D:2      | XOM: scenery: create altars
 14066 | D:2      | XOM: god gift: book of Frost
 14169 | D:2      | XOM: harmless Chrm miscast
 14289 | D:2      | XOM is BORED!
 14289 | D:2      | XOM: noise
 14819 | D:2      | XOM: mild Erth miscast
 15246 | D:2      | XOM: mild Fire miscast
 15353 | D:2      | XOM is BORED!
 15353 | D:2      | XOM: medium Necr miscast
 16210 | D:2      | XOM: divination: magic mapping
 17041 | D:2      | XOM: cloud trail
 17056 | D:2      | Noticed an ogre
 17068 | D:2      | Killed an ogre
 17068 | D:2      | Reached skill level 5 in Long Blades
 17068 | D:2      | Reached XP level 5. HP: 36/41 MP: 5/5
 17161 | D:2      | XOM: medium Air miscast
 17213 | D:2      | XOM: god gift: scroll labeled CUUPRILAUPS {god gift}
 17248 | D:2      | XOM: cloud trail
 17620 | D:2      | XOM: god gift: scroll labeled HOBROU KOREOCA {god gift}
 17870 | D:2      | Noticed a sky beast
 17870 | D:2      | a big kobold changed into a sky beast
 17871 | D:2      | XOM: summons friendly iron imp
 17872 | D:2      | Noticed a basilisk
 17872 | D:2      | a sky beast changed into a basilisk
 17873 | D:2      | Noticed an ice beast
 17873 | D:2      | a basilisk changed into an ice beast
 17873 | D:2      | XOM: polymorph basilisk -> ice beast
 17880 | D:2      | Killed an ice beast
 17880 | D:2      | Reached XP level 6. HP: 44/47 MP: 6/6
 18007 | D:2      | XOM: god gift: scroll labeled WOANUA ACUIRA {god gift}
 18239 | D:2      | XOM: god gift: wand of lightning (?/15) {god gift}
 18713 | D:2      | XOM: divination: detect creatures
 18766 | D:2      | XOM: god gift: 2 needles of sleeping
 19599 | D:2      | XOM: summons 3 hostile demons
 19694 | D:2      | Noticed a death knight
 19804 | D:3      | XOM is BORED!
 19804 | D:3      | XOM: 2-stop teleportation journey
 19948 | D:3      | XOM: chaos upgrade
 19964 | D:3      | Reached skill level 1 in Slings
 20087 | D:3      | Found a sacrificial altar of Ru.
 20155 | D:3      | XOM: chaos cloud
 20505 | D:3      | XOM is BORED!
 20505 | D:3      | XOM: mild Pois miscast
 20539 | D:3      | XOM: god gift: scimitar {god gift}
 21754 | D:3      | XOM: harmless Summ miscast
 21774 | D:3      | XOM: harmless Ice miscast
 21969 | D:3      | XOM: butterfly on damage
 22454 | D:3      | XOM: god gift: scale mail {god gift}
 22575 | D:3      | XOM: harmless Conj miscast
 22810 | D:3      | XOM: divination: detect items
 23506 | D:3      | XOM is BORED!
 23506 | D:3      | XOM: summons 3 hostile demons
 23513 | D:4      | Reached skill level 1 in Dodging
 23513 | D:4      | Reached XP level 7. HP: 52/52 MP: 7/7
 23515 | D:4      | XOM: mild Conj miscast
 23568 | D:4      | Noticed Sumakker's ghost (amateur BaSk)
 23570 | D:4      | XOM: repel stairs
 23764 | D:3      | Noticed a wyvern
 23764 | D:3      | a worm changed into a wyvern
 23764 | D:3      | XOM: polymorph worm -> wyvern
 23774 | D:3      | XOM: enchant monster (bad)
 23775 | D:3      | Slain by a wyvern

Vault maps used:
D:1:      eino_arrival_druids_welcome, serial_bayou_pond_b
D:2:      nicolae_overflow_hidden_temple
D:3:      marbit_many_paths, serial_undead, serial_undead_b, serial_undead_c,
          serial_undead_b, serial_undead_d
D:4:      nicolae_overflow_crystal_walls, first_bread

Skill      XL: |  1  2  3  4  5  6 |
---------------+-------------------+-----
Long Blades    | 3 4 5 |  5.7
Slings         | 2 |  2.9
Dodging        | 1 |  1.0
Fighting       | |  3.2
Armour         | |  1.5
Evocations     | |  0.2

Action                   |  1- 3 |  4- 6 |  7- 9 || total
-------------------------+-------+-------+-------++-------
Melee: Falchion          |   142 |    56 |       ||   198
       Dagger            |       |   217 |       ||   217
       Scimitar          |       |    45 |    32 ||    77
       Short sword       |       |     8 |       ||     8
Evoke: Wand              |       |     3 |       ||     3
  Use: Scroll            |     1 |    10 |     1 ||    12
 Stab: Confused          |     1 |       |       ||     1
       Distracted        |     1 |       |       ||     1
       Paralysed         |     1 |       |       ||     1
Armor: Leather armour    |    66 |   112 |    10 ||   188
Dodge: Dodged            |   102 |   183 |    20 ||   305
       Rpst.: Falchion   |    39 |    10 |       ||    49
       Scimitar          |       |     9 |     8 ||    17
